 Dungeon Crawl Stone Soup version 0.27.1-33-g824d729ab1 (webtiles) character file.

Game seed: 7527479215528289857

257 pkoi the Ruffian (level 5, -1/45 HPs)
             Began as a Draconian Monk on Dec 20, 2021.
             Was an Initiate of Gozag.
             Slain by Prince Ribbit (11 damage)
             ... on level 4 of the Dungeon.
             The game lasted 00:03:52 (3879 turns).

pkoi the Ruffian (Draconian Monk)                   Turns: 3879, Time: 00:03:53

Health: -1/45      AC:  6    Str: 14    XL:     5   Next: 93%
Magic:  5/5        EV: 12    Int: 11    God:    Gozag
Gold:   194        SH:  0    Dex: 13    Spells: 4/4 levels left

rFire    . . .     SeeInvis .   a - +3 short sword (flame)
rCold    . . .     Faith    .   (no shield)
rNeg     . . .     Spirit   .   (armour unavailable)
rPois    .         Reflect  .   (helmet restricted)
rElec    .         Harm     .   k - +0 cloak
rCorr    .         Rampage  .   (no gloves)
Will     .....                  (no boots)
Stlth    ++........             c - amulet of regeneration
HPRegen  1.15/turn              (no ring)
MPRegen  0.09/turn              (no ring)

@: about to teleport, attractive
A: AC +5, unfitting armour, cold-blooded
a: Renounce Religion, Potion Petition, Call Merchant, Bribe Branch


You were on level 4 of the Dungeon.
You worshipped Gozag.
Gozag was aware of your devotion.
You visited 1 branch of the dungeon, and saw 5 of its levels.

You collected 194 gold pieces.

Inventory:

Hand Weapons
 a - a +3 short sword of flaming (weapon)
 g - a +0 vorpal whip
Missiles
 i - 18 poisoned darts (quivered)
Armour
 k - a +0 cloak (worn)
Jewellery
 c - an amulet of regeneration (around neck)
Scrolls
 d - a scroll of enchant armour
 f - a scroll of enchant weapon
 h - a scroll of brand weapon
 l - a scroll of identify
 n - a scroll of magic mapping


   Skills:
 - Level 3.2 Fighting
 - Level 2.6 Dodging
 - Level 1.7 Stealth
 + Level 6.7 Unarmed Combat


You had 4 spell levels left.
You didn't know any spells.
Your spell library contained the following spells:

 Spells                   Type           Power      Damage    Failure   Level
 Animate Skeleton         Necr           0%         N/A       34%         1
 Pain                     Necr           0%         1d4       34%         1
 Dazzling Flash           Conj/Hex       0%         N/A       71%         3
 Vampiric Draining        Necr           0%         2d6       71%         3
 Iskenderun's Mystic Bla  Conj/Tloc      0%         2d3       98%         4
 Agony                    Necr           0%         N/A       100%        5
 Silence                  Hex/Air        0%         N/A       100%        5
 Starburst                Conj/Fire      0%         6d3       100%        6


Dungeon Overview and Level Annotations

Branches:
Dungeon (5/15)
 Temple: D:4-7

Altars:
Gozag
Hepliaklqana
Qazlal
Wu Jian
Xom
Zin

Annotations:
D:2 Terence
D:4 Prince Ribbit


Innate Abilities, Weirdness & Mutations

Your plain brown scales are hard. (AC +5)
You cannot fit into any form of body armour.
You are cold-blooded and may be slowed by cold attacks.


Message History

You barely miss Prince Ribbit. Prince Ribbit closely misses you.
Prince Ribbit barely misses you.
You hit Prince Ribbit. You burn Prince Ribbit.
Prince Ribbit is lightly wounded.
Prince Ribbit hits you!
* * * LOW HITPOINT WARNING * * *
You closely miss Prince Ribbit. Your punch misses Prince Ribbit.
Prince Ribbit is lightly wounded.
Prince Ribbit hits you.
* * * LOW HITPOINT WARNING * * *
Prince Ribbit misses you.
You miss Prince Ribbit. You punch Prince Ribbit.
Prince Ribbit is lightly wounded.
Prince Ribbit closely misses you.
It was a potion of resistance.
You feel protected. Prince Ribbit hits you!
* * * LOW HITPOINT WARNING * * *
Prince Ribbit closely misses you.
It was a potion of cancellation.
Your magical effects are unravelling.
You feel magically purged.
Your resistance to elements expires.
Prince Ribbit completely misses you.
It was a potion of attraction.
You feel attractive to monsters.
Prince Ribbit blinks!
Prince Ribbit is pulled toward you!
As you read the scroll labelled SEGEPS IWUPP, it crumbles to dust.
It is a scroll of identify.
n - a scroll of magic mapping Prince Ribbit barely misses you.
As you read the scroll labelled COBLUN DUCAJUR, it crumbles to dust.
You speak a Word of immense power!
It was a scroll of holy word.
Prince Ribbit closely misses you. Prince Ribbit barely misses you.
You aren't carrying any potions.
Unknown command.
As you read the scroll of teleportation, it crumbles to dust.
You feel strangely unstable. Prince Ribbit hits you!
You die...
Your body crumbles into a pile of gold.

......### #..# ##.
#....## #######.##
##
####..####)...#..#
# ###..........##
#...........##
#............#
#............#
##...........##
#.........@..# #
#..........F.# ##
##......(....# ##.
##..........# ##..
##.........# ##...
##........# ##....
##.....### #.....
####.## ### ##....
#..# ##.# #....


You could see Prince Ribbit.

Vanquished Creatures
  A scorpion (D:4)
  A jelly (D:4)
  A hound skeleton (D:4)
  3 gnolls (D:4)
  A howler monkey skeleton (D:4)
  5 adders
  An adder skeleton (D:4)
  2 dart slugs
  7 endoplasms
  A giant cockroach (D:4)
  10 hobgoblins
  2 jackals (D:3)
  5 kobolds
  3 quokkas
  4 ball pythons
  8 bats
  4 frilled lizards
  7 goblins
  4 rats
70 creatures vanquished.

Notes
Turn   | Place    | Note
-------+----------+-------------------------------------------
     0 | D:1      | pkoi the Draconian Monk began the quest for the Orb.
     0 | D:1      | Reached XP level 1. HP: 19/19 MP: 1/1
   490 | D:1      | Reached XP level 2. HP: 14/26 MP: 2/2
   655 | D:1      | Found a faded altar of an unknown god.
  1189 | D:1      | Reached skill level 4 in Unarmed Combat
  1282 | D:2      | Reached XP level 3. HP: 26/31 MP: 3/3
  1289 | D:2      | Noticed Terence
  1905 | D:2      | Reached XP level 4. HP: 31/38 MP: 4/4
  2162 | D:3      | Reached skill level 5 in Unarmed Combat
  2651 | D:4      | Noticed a scorpion
  2706 | D:4      | Identified the ring of Ygyvuw {rF- rC- rCorr Str+2 Int+7}
  2813 | D:4      | Killed a scorpion
  2814 | D:4      | Reached skill level 6 in Unarmed Combat
  2814 | D:4      | Reached XP level 5. HP: 14/45 MP: 5/5
  3390 | D:4      | Found a glowing silver altar of Zin.
  3393 | D:4      | Found an opulent altar of Gozag.
  3394 | D:4      | Found a stormy altar of Qazlal.
  3394 | D:4      | Found an ornate altar of the Wu Jian Council.
  3396 | D:4      | Found a hazy altar of Hepliaklqana.
  3404 | D:4      | Found a shimmering altar of Xom.
  3413 | D:4      | Became a worshipper of Gozag Ym Sagoz the Greedy
  3741 | D:5      | Entered Level 5 of the Dungeon
  3747 | D:5      | Noticed Prince Ribbit
  3879 | D:4      | Slain by Prince Ribbit

Illustrated notes

Levels and vault maps discovered:
D:1:      evilmike_arrival_plus, layout_basic,
          hellmonk_ecumenical_altar_leap_of_faith, minivault_4,
          minmay_tromino_v4_a
D:2:      kb_forest_paths, layout_loops_ring, uniq_terence
D:3:      layout_rooms
D:4:      layout_cave_pods, minitemple, minmay_liquid_box
D:5:      layout_cave_pools, uniq_prince_ribbit1

Skill      XL: |  1  2  3  4 |
---------------+-------------+-----
Unarmed Combat | 4 6 |  6.7
Fighting       | |  3.2
Dodging        | |  2.6
Stealth        | |  1.7

Action                   |  1- 3 |  4- 6 || total
-------------------------+-------+-------++-------
Melee: Unarmed           |   194 |    53 ||   247
       Tailslap          |    12 |    14 ||    26
       Punch             |     3 |     3 ||     6
       Short sword       |       |    43 ||    43
  Use: Scroll            |     5 |     3 ||     8
       Potion            |       |     3 ||     3
 Stab: Sleeping          |     3 |     2 ||     5
Armor: Skin              |    59 |    30 ||    89
Dodge: Dodged            |   137 |    80 ||   217
